ACL
ACL JACKSONVILLE BOMBERS @ ACL PHILADELPHIA PHILLIES
04/26/2042
 
TOP OF THE 1ST
ACL Jacksonville Bombers batting - Pitching for ACL Philadelphia Phillies : RHP Eric White
Pitching: RHP Eric White
Batting: RHB Juan Gallegos 0-0: Ball
1-0: Called Strike
1-1: TRIPLE (Line Drive, 89XD, EV 105.0 MPH)
Batting: RHB Juan Miranda 0-0: Ball
1-0: Ball
2-0: Called Strike
2-1: Swinging Strike
2-2: Foul Ball, location: 2F
2-2: Strikes out swinging
Batting: SHB Constantin Odilo 0-0: Ball
1-0: Ground out U3 (Groundball, 3, EV 85.0 MPH)
Batting: LHB Ted Hall 0-0: Called Strike
0-1: SINGLE (Line Drive, 9LS, EV 90.6 MPH)
Juan Gallegos scores
Batting: RHB Joe Cochran 0-0: Ball
1-0: SINGLE (Line Drive, 5D, EV 96.9 MPH)
Ted Hall to second
Batting: LHB Juan Gonzáles 0-0: Foul Ball, location: 23F
0-1: Swinging Strike
0-2: Ball
1-2: Strikes out swinging
Top of the 1st over - 1 run, 3 hits, 0 errors, 2 left on base; ACL Jacksonville 1 - ACL Philadelphia 0
BOTTOM OF THE 1ST
ACL Philadelphia Phillies batting - Pitching for ACL Jacksonville Bombers : LHP Bob Cole
Pitching: LHP Bob Cole
Batting: RHB Alex Miller 0-0: Fly out, F8 (Flyball, 78M, EV 94.4 MPH)
Batting: RHB Steve Zimmerman 0-0: Called Strike
0-1: Foul Ball, location: 9LMF
0-2: Strikes out swinging
Batting: LHB Jared O'Neal 0-0: Foul Ball, location: 2F
0-1: Ball
1-1: Called Strike
1-2: Strikes out swinging
Bottom of the 1st over - 0 runs, 0 hits, 0 errors, 0 left on base; ACL Jacksonville 1 - ACL Philadelphia 0
TOP OF THE 2ND
ACL Jacksonville Bombers batting - Pitching for ACL Philadelphia Phillies : RHP Eric White
Batting: RHB Don Wiggins 0-0: Fly out, F8 (Flyball, 8RD, EV 100.6 MPH)
Batting: RHB Shawn Vargas 0-0: Called Strike
0-1: Ground out 6-3 (Groundball, 6M, EV 85.6 MPH)
Batting: RHB Jim Unknown 0-0: Ball
1-0: Ball
2-0: Called Strike
2-1: Swinging Strike
2-2: Strikes out swinging
Top of the 2nd over - 0 runs, 0 hits, 0 errors, 0 left on base; ACL Jacksonville 1 - ACL Philadelphia 0
BOTTOM OF THE 2ND
ACL Philadelphia Phillies batting - Pitching for ACL Jacksonville Bombers : LHP Bob Cole
Batting: RHB Jim Boggs 0-0: Called Strike
0-1: Ball
1-1: Ball
2-1: Ground out 5-3 (Groundball, 56, EV 101.9 MPH)
Batting: RHB Jimmy Anderson 0-0: Called Strike
0-1: Swinging Strike
0-2: Ball
1-2: Ball
2-2: Foul Ball, location: 3F
2-2: Foul Ball, location: 3F
2-2: Strikes out swinging
Batting: RHB Jim Unknown 0-0: DOUBLE (Flyball, 8LXD, EV 110.6 MPH)
Batting: RHB Jim Unknown 0-0: Called Strike
0-1: Foul Ball, location: 2F
0-2: Foul Ball, location: 2F
0-2: Ball
1-2: Foul Ball, location: 9LSF
1-2: Strikes out looking
Bottom of the 2nd over - 0 runs, 1 hit, 0 errors, 1 left on base; ACL Jacksonville 1 - ACL Philadelphia 0
TOP OF THE 3RD
ACL Jacksonville Bombers batting - Pitching for ACL Philadelphia Phillies : RHP Eric White
Batting: RHB Juan Gallegos 0-0: Called Strike
0-1: Ball
1-1: Swinging Strike
1-2: Foul Ball, location: 2F
1-2: Strikes out swinging
Batting: RHB Juan Miranda 0-0: Ball
1-0: Ball
2-0: Ball
3-0: Called Strike
3-1: Foul Ball, location: 2F
3-2: Strikes out swinging
Batting: SHB Constantin Odilo 0-0: Ball
1-0: Ball
2-0: Ball
3-0: Called Strike
3-1: Base on Balls
Batting: LHB Ted Hall 0-0: Ball
1-0: Ball
2-0: Foul Ball, location: 7LSF
2-1: Ball
3-1: Base on Balls
Constantin Odilo to second
Batting: RHB Joe Cochran 0-0: Called Strike
0-1: SINGLE (Line Drive, 9S, EV 88.8 MPH)
Constantin Odilo to third
Ted Hall to second
Runner from 3rd tries for Home, SAFE, throw by RF to home
Batting: LHB Juan Gonzáles 0-0: Called Strike
0-1: Foul Ball, location: 2RF
0-2: Ball
1-2: Strikes out swinging
Top of the 3rd over - 1 run, 1 hit, 0 errors, 2 left on base; ACL Jacksonville 2 - ACL Philadelphia 0
BOTTOM OF THE 3RD
ACL Philadelphia Phillies batting - Pitching for ACL Jacksonville Bombers : LHP Bob Cole
Batting: SHB Jim Unknown 0-0: Called Strike
0-1: Bunt for hit to 15S - play at first, batter OUT! 1-3
Batting: RHB Jim Unknown 0-0: SOLO HOME RUN (Flyball, 9LD, EV 90.6 MPH), Distance : 335 ft
Batting: RHB Alex Miller 0-0: Ball
1-0: Ball
2-0: SINGLE (Line Drive, 5D, EV 98.8 MPH)
Batting: RHB Steve Zimmerman 0-0: Foul Ball, location: 2F
0-1: Ball
1-1: TRIPLE (Flyball, 78XD, EV 96.3 MPH)
Alex Miller scores
Batting: LHB Jared O'Neal 0-0: Ball
1-0: Called Strike
1-1: Ball
2-1: Foul Ball, location: 5F
2-2: Ball
3-2: Foul Ball, location: 3F
3-2: Foul Ball, location: 7LSF
3-2: Foul Ball, location: 5DF
3-2: Foul Ball, location: 2F
3-2: Base on Balls
Batting: RHB Jim Boggs 0-0: Ball
1-0: Ball
2-0: Called Strike
2-1: Swinging Strike
2-2: Foul Ball, location: 9LDF
2-2: Foul Ball, location: 25FF
2-2: Foul Ball, location: 25F
2-2: Strikes out swinging
Batting: RHB Jimmy Anderson 0-0: Fly out, F9 (Flyball, 89M, EV 90.6 MPH)
Bottom of the 3rd over - 2 runs, 3 hits, 0 errors, 2 left on base; ACL Jacksonville 2 - ACL Philadelphia 2
TOP OF THE 4TH
ACL Jacksonville Bombers batting - Pitching for ACL Philadelphia Phillies : RHP Eric White
Batting: RHB Don Wiggins 0-0: Called Strike
0-1: Foul Ball, location: 3FF
0-2: Foul Ball, location: 9LSF
0-2: Ball
1-2: Fly out, F8 (Flyball, 8RD, EV 90.6 MPH)
Batting: RHB Shawn Vargas 0-0: Called Strike
0-1: SINGLE (Groundball, 6MD, EV 105.0 MPH)
Batting: RHB Jim Unknown 0-0: Ball
1-0: Called Strike
1-1: Swinging Strike
1-2: Ball
2-2: Ball
3-2: Fly out, F9 (Flyball, 9S, EV 93.1 MPH)
Batting: RHB Juan Gallegos 0-0: Ball
1-0: Called Strike
1-1: Ball
2-1: Called Strike
2-2: Strikes out looking
Top of the 4th over - 0 runs, 1 hit, 0 errors, 1 left on base; ACL Jacksonville 2 - ACL Philadelphia 2
BOTTOM OF THE 4TH
ACL Philadelphia Phillies batting - Pitching for ACL Jacksonville Bombers : LHP Bob Cole
Batting: RHB Jim Unknown 0-0: DOUBLE (Flyball, 89D, EV 111.3 MPH)
Batting: RHB Jim Unknown 0-0: Ball
1-0: Foul Ball, location: 2F
1-1: Swinging Strike
1-2: Foul Ball, location: 25F
1-2: Fly out, F3 (Popup, 34, EV 35.6 MPH)
Batting: SHB Jim Unknown 0-0: Ball
1-0: Ball
2-0: Foul Ball, location: 3F
2-1: Ball
3-1: DOUBLE (Flyball, 8RD, EV 95.0 MPH)
Jim Unknown scores
Batting: RHB Jim Unknown 0-0: Ball
Jim Unknown steals 3rd base
1-0: Ball
2-0: Fly out, F4 (Popup, 4, EV 80.0 MPH)
Batting: RHB Alex Miller 0-0: Foul Ball, location: 2F
0-1: 2-RUN HOME RUN (Flyball, 78XD, EV 98.8 MPH), Distance : 402 ft
Pitching: RHP Dani Pimentel
Batting: RHB Steve Zimmerman 0-0: Called Strike
0-1: Called Strike
0-2: Ball
1-2: Ground out 4-3 (Groundball, 34, EV 91.9 MPH)
Bottom of the 4th over - 3 runs, 3 hits, 0 errors, 0 left on base; ACL Jacksonville 2 - ACL Philadelphia 5
TOP OF THE 5TH
ACL Jacksonville Bombers batting - Pitching for ACL Philadelphia Phillies : RHP Eric White
Batting: RHB Juan Miranda 0-0: Called Strike
0-1: Fly out, F7 (Line Drive, 78S, EV 92.5 MPH)
Batting: SHB Constantin Odilo 0-0: SINGLE (Line Drive, 6MD, EV 103.1 MPH)
Batting: LHB Ted Hall 0-0: Called Strike
0-1: Ball
1-1: Ball
2-1: Foul Ball, location: 2F
2-2: Foul Ball, location: 2F
2-2: Ball
3-2: Ground out 1-3 (Groundball, P, EV 71.3 MPH)
Constantin Odilo to second
Pitching: LHP Ed Allison
Batting: RHB Joe Cochran 0-0: Called Strike
0-1: Ground out 3-1 (Groundball, 34S, EV 78.1 MPH)
Top of the 5th over - 0 runs, 1 hit, 0 errors, 1 left on base; ACL Jacksonville 2 - ACL Philadelphia 5
BOTTOM OF THE 5TH
ACL Philadelphia Phillies batting - Pitching for ACL Jacksonville Bombers : RHP Dani Pimentel
Batting: LHB Jared O'Neal 0-0: Ball
1-0: Ball
2-0: Swinging Strike
2-1: Ball
3-1: Base on Balls
Batting: RHB Jim Boggs 0-0: Called Strike
0-1: Swinging Strike
0-2: 2-RUN HOME RUN (Flyball, 9D, EV 97.5 MPH), Distance : 370 ft
Batting: RHB Jimmy Anderson 0-0: Ball
1-0: Ball
2-0: Ball
3-0: Called Strike
3-1: Called Strike
3-2: Foul Ball, location: 2F
3-2: Ground out 4-3 (Groundball, 4, EV 99.4 MPH)
Batting: RHB Jim Unknown 0-0: Ball
1-0: Ball
2-0: Called Strike
2-1: Fly out, F8 (Flyball, 8RD, EV 87.5 MPH)
Batting: RHB Jim Unknown 0-0: Ball
1-0: Ball
2-0: Ball
3-0: Called Strike
3-1: Foul Ball, location: 9LMF
3-2: Strikes out looking
Bottom of the 5th over - 2 runs, 1 hit, 0 errors, 0 left on base; ACL Jacksonville 2 - ACL Philadelphia 7
TOP OF THE 6TH
ACL Jacksonville Bombers batting - Pitching for ACL Philadelphia Phillies : LHP Ed Allison
Batting: LHB Juan Gonzáles 0-0: Ball
1-0: Ball
2-0: Called Strike
2-1: Ball
3-1: Foul Ball, location: 2F
3-2: Foul Ball, location: 9LSF
3-2: Strikes out looking
Batting: RHB Don Wiggins 0-0: Swinging Strike
0-1: Ball
1-1: Swinging Strike
1-2: Ball
2-2: Ball
3-2: Strikes out swinging
Batting: RHB Shawn Vargas 0-0: Ball
1-0: Ball
2-0: Ball
3-0: Called Strike
3-1: Called Strike
3-2: Base on Balls
Batting: RHB Jim Unknown 0-0: Foul Ball, location: 2F
0-1: Ball
1-1: Ball
2-1: Swinging Strike
2-2: 2-RUN HOME RUN (Flyball, 7D, EV 95.6 MPH), Distance : 362 ft
Batting: RHB Juan Gallegos 0-0: Ball
1-0: DOUBLE (Line Drive, 78D, EV 100.0 MPH)
Batting: RHB Juan Miranda 0-0: Foul Ball, location: 2F
0-1: Foul Ball, location: 9LDF
0-2: Ball
1-2: Strikes out swinging
Top of the 6th over - 2 runs, 2 hits, 0 errors, 1 left on base; ACL Jacksonville 4 - ACL Philadelphia 7
BOTTOM OF THE 6TH
ACL Philadelphia Phillies batting - Pitching for ACL Jacksonville Bombers : RHP Dani Pimentel
Batting: SHB Jim Unknown 0-0: TRIPLE (Flyball, 9D, EV 103.8 MPH)
Batting: RHB Jim Unknown 0-0: Ball
1-0: Ball
2-0: Ball
3-0: Called Strike
3-1: Fly out, F6 (Popup, 6MD, EV 41.9 MPH)
Batting: RHB Alex Miller 0-0: Called Strike
0-1: Ball
1-1: Ground out U3 (Groundball, 34, EV 94.4 MPH)
Jim Unknown scores
Batting: RHB Steve Zimmerman 0-0: Ball
1-0: Swinging Strike
1-1: Ball
2-1: Foul Ball, location: 5F
2-2: Ball
3-2: Base on Balls
Pitching: RHP Nate Najera
Batting: LHB Jared O'Neal 0-0: Ball
1-0: Swinging Strike
1-1: Ball
2-1: Called Strike
2-2: Ball
3-2: Base on Balls
Steve Zimmerman to second
Batting: RHB Jim Boggs 0-0: Foul Ball, location: 7LDF
0-1: Foul Ball, location: 7LDF
0-2: Foul Ball, location: 2F
0-2: Ground out 4-3 (Groundball, 4, EV 81.9 MPH)
Bottom of the 6th over - 1 run, 1 hit, 0 errors, 2 left on base; ACL Jacksonville 4 - ACL Philadelphia 8
TOP OF THE 7TH
ACL Jacksonville Bombers batting - Pitching for ACL Philadelphia Phillies : LHP Ed Allison
Batting: SHB Constantin Odilo 0-0: Called Strike
0-1: Ball
1-1: Ball
2-1: Ball
3-1: Base on Balls
Batting: LHB Ted Hall 0-0: Bunted foul
0-1: Bunted foul
0-2: Ball
1-2: Ball
2-2: Foul Ball, location: 2F
2-2: Foul Ball, location: 2F
2-2: Foul Ball, location: 7LMF
2-2: Strikes out swinging
Batting: RHB Joe Cochran 0-0: Ball
1-0: Fly out, F3 (Popup, 3SF, EV 68.1 MPH)
Batting: LHB Juan Gonzáles 0-0: Foul Ball, location: 3SF
0-1: Ball
1-1: Ball
2-1: Called Strike
Constantin Odilo steals 2nd base
2-2: Strikes out swinging
Top of the 7th over - 0 runs, 0 hits, 0 errors, 1 left on base; ACL Jacksonville 4 - ACL Philadelphia 8
BOTTOM OF THE 7TH
ACL Philadelphia Phillies batting - Pitching for ACL Jacksonville Bombers : RHP Nate Najera
Batting: RHB Jimmy Anderson 0-0: Ball
1-0: Foul Ball, location: 9LDF
1-1: Foul Ball, location: 23FF
1-2: Foul Ball, location: 2F
1-2: Strikes out swinging
Batting: RHB Jim Unknown 0-0: Swinging Strike
0-1: Ball
1-1: Called Strike
1-2: Foul Ball, location: 2F
1-2: Ball
2-2: Ball
3-2: Fly out, F8 (Flyball, 8RM, EV 98.1 MPH)
Batting: RHB Jim Unknown 0-0: Ball
1-0: Ball
2-0: Foul Ball, location: 2F
2-1: DOUBLE (Flyball, 89D, EV 90.0 MPH)
Batting: SHB Jim Unknown 0-0: Called Strike
0-1: Ball
1-1: Ball
2-1: Foul Ball, location: 5SF
2-2: Foul Ball, location: 3F
2-2: Foul Ball, location: 2F
2-2: Foul Ball, location: 23FF
2-2: Ball
3-2: Strikes out looking
Bottom of the 7th over - 0 runs, 1 hit, 0 errors, 1 left on base; ACL Jacksonville 4 - ACL Philadelphia 8
TOP OF THE 8TH
ACL Jacksonville Bombers batting - Pitching for ACL Philadelphia Phillies : LHP Ed Allison
Pitching: RHP Baptiste Lambertini
Batting: RHB Tomás Cantú 0-0: Foul Ball, location: 2F
0-1: Ball
1-1: Ball
2-1: Foul Ball, location: 2F
2-2: Foul Ball, location: 5F
2-2: Strikes out swinging
Batting: RHB Shawn Vargas 0-0: Called Strike
0-1: Foul Ball, location: 2F
0-2: Ball
1-2: Strikes out swinging
Batting: RHB Jim Unknown 0-0: Called Strike
0-1: Swinging Strike
0-2: Foul Ball, location: 7LDF
0-2: Foul Ball, location: 5FF
0-2: Strikes out swinging
Top of the 8th over - 0 runs, 0 hits, 0 errors, 0 left on base; ACL Jacksonville 4 - ACL Philadelphia 8
BOTTOM OF THE 8TH
ACL Philadelphia Phillies batting - Pitching for ACL Jacksonville Bombers : RHP Nate Najera
Batting: RHB Jim Unknown 0-0: Called Strike
0-1: Swinging Strike
0-2: Ball
1-2: Ball
2-2: Foul Ball, location: 3SF
2-2: Foul Ball, location: 2F
2-2: Strikes out swinging
Batting: RHB Alex Miller 0-0: Called Strike
0-1: Called Strike
0-2: Ball
1-2: Ball
2-2: Strikes out swinging
Batting: RHB Steve Zimmerman 0-0: Fly out, F7 (Flyball, 78S, EV 84.4 MPH)
Bottom of the 8th over - 0 runs, 0 hits, 0 errors, 0 left on base; ACL Jacksonville 4 - ACL Philadelphia 8
TOP OF THE 9TH
ACL Jacksonville Bombers batting - Pitching for ACL Philadelphia Phillies : RHP Baptiste Lambertini
Batting: RHB Juan Gallegos 0-0: Fly out, F7 (Line Drive, 7S, EV 93.1 MPH)
Pinch Hitting: RHB Mario Quintanilla 0-0: Ball
1-0: Foul Ball, location: 5FF
1-1: Ball
2-1: Ball
3-1: Base on Balls
Batting: SHB Constantin Odilo 0-0: Ball
1-0: Foul Ball, location: 2F
1-1: Ball
2-1: Fly out, F6 (Popup, 6MD, EV 48.8 MPH)
Batting: LHB Ted Hall 0-0: Called Strike
0-1: Foul Ball, location: 5FF
0-2: Ball
1-2: Strikes out swinging
Top of the 9th over - 0 runs, 0 hits, 0 errors, 1 left on base; ACL Jacksonville 4 - ACL Philadelphia 8
Friday, May 3rd , 2024 - OOTP Baseball 24.10 Build 82